Map: Vallée des cactus EC

Players

Blacx

  • Race: Zerg Zerg
  • League: Grandmaster

AgCl - Winner!

  • Race: Protoss Protoss
  • League: Grandmaster

VOD

Have the link to the VOD?

Description

Time

  • Played on: July 12, 2015, 5:11 p.m.
  • Length: 9:53
Show
View Real Time Build Order
Export as new Build Order

Blacx Zerg 

Build Orders: Hatch First 

Get SALT Encoding   

  12  0:01  Drone  
  13  0:15  Overlord  
  13  0:21  Drone  
  14  0:34  Drone x2  
  16  0:39  Drone  
  17  0:48  Drone  
  18  1:05  Hatchery  
  17  1:19  Spawning Pool  
  16  1:28  Drone x2  
  16  1:29  Drone  
  19  1:37  Extractor  
  18  1:42  Overlord  
  18  1:59  Drone  
  19  2:02  Hatchery, Drone  
  19  2:08  Queen  
  21  2:17  Drone  
  21  2:20  Queen  
  24  2:33  Drone x3  
  27  2:47  Roach Warren  
  27  2:51  Drone x2  
  27  2:52  Extractor  
  27  2:54  Drone  
  27  2:55  Drone  
  29  3:10  Drone x3  
  32  3:13  Drone  
  32  3:15  Drone  
  32  3:17  Metabolic Boost  
  35  3:20  Drone  
  35  3:23  Drone x2  
  37  3:29  Drone x2  
  37  3:30  Drone  
  40  3:35  Drone  
  40  3:37  Overlord  
  40  3:41  Zergling x2  
  42  3:45  Lair  
  42  3:55  Overlord  
  42  3:57  Drone x2  
  44  4:12  Extractor  
  43  4:22  Drone x2  
  43  4:23  Drone x13  
  58  4:24  Overlord  
  58  4:45  Drone  
  59  4:52  Spire  
  58  4:53  Drone x2  
  58  4:54  Hydralisk Den  
  59  5:01  Drone x3  
  59  5:02  Drone  
  59  5:05  Extractor  
  62  5:08  Extractor  
  62  5:10  Extractor  
  60  5:24  Zergling x4  
  60  5:25  Hatchery, Zergling x10  
  60  5:26  Overlord x2  
  60  5:27  Overlord  
  66  5:28  Hatchery  
  65  5:40  Overlord x3  
  64  5:52  Roach x8  
  64  5:56  Queen x3  
  79  6:06  Mutalisk x3, Spore Crawler  
  83  6:12  Spore Crawler  
  76  6:25  Corruptor  
  70  7:06  Hydralisk  
  70  7:08  Queen x3  
  70  7:29  Spore Crawler  
  69  7:41  Spore Crawler  
  69  7:42  Spore Crawler, Corruptor, Extractor  
  69  7:44  Queen, Extractor  
  64  7:46  Queen  
  69  7:56  Roach x3  
  69  7:57  Roach  
  42  9:20  Corruptor  
  37  9:33  Hatchery x2  
  33  9:39  Hatchery  
Show
View Real Time Build Order
Export as new Build Order

AgCl Protoss - Winner!

Build Orders: Oracle Opening, Carrier Rush 

Get SALT Encoding   

  12  0:02  Probe  
  13  0:20  Probe  
  14  0:26  Pylon  
  14  0:35  Assimilator  
  14  0:44  Probe (Chrono Boost)  
  15  0:56  Probe (Chrono Boost)  
  17  1:04  Probe (Chrono Boost)  
  17  1:13  Probe  
  17  1:15  Gateway  
  18  1:25  Probe  
  19  1:37  Probe  
  20  1:43  Nexus  
  20  1:49  Probe (Chrono Boost)  
  22  2:01  Probe (Chrono Boost)  
  22  2:10  Cybernetics Core  
  22  2:16  Pylon  
  22  2:27  Pylon  
  22  2:28  Assimilator  
  22  2:35  Probe  
  23  2:47  Probe (Chrono Boost)  
  24  2:51  Stargate  
  24  2:57  Probe (Chrono Boost)  
  26  2:59  Probe (Chrono Boost)  
  28  3:05  Probe (Chrono Boost)  
  28  3:08  Probe (Chrono Boost)  
  28  3:10  Assimilator  
  28  3:11  Probe (Chrono Boost)  
  28  3:12  Warp Gate (Chrono Boost)  
  29  3:16  Probe (Chrono Boost)  
  30  3:20  Assimilator  
  30  3:23  Probe (Chrono Boost)  
  33  3:28  Mothership Core (Chrono Boost)  
  33  3:31  Probe (Chrono Boost)  
  34  3:35  Oracle (Chrono Boost)  
  34  3:41  Probe  
  38  3:42  Probe  
  39  3:53  Probe (Chrono Boost)  
  41  4:00  Probe (Chrono Boost)  
  42  4:03  Fleet Beacon, Probe (Chrono Boost)  
  43  4:10  Probe x2 (Chrono Boost)  
  43  4:15  Pylon  
  44  4:20  Probe (Chrono Boost)  
  44  4:22  Probe (Chrono Boost)  
  46  4:24  Carrier (Chrono Boost)  
  46  4:27  Probe  
  46  4:30  Probe  
  48  4:39  Probe  
  48  4:40  Gateway  
  48  4:41  Pylon  
  48  4:43  Probe  
  50  4:45  Gateway  
  50  4:51  Probe  
  57  4:55  Probe  
  57  4:58  Graviton Catapult  
  57  4:59  Protoss Air Weapons Level 1 (Chrono Boost)  
  58  5:03  Probe  
  59  5:07  Probe  
  60  5:15  Probe, Pylon  
  60  5:18  Stargate  
  60  5:19  Carrier (Chrono Boost)  
  60  5:20  Pylon  
  61  5:29  Pylon  
  61  5:32  Zealot  
  61  5:33  Gateway  
  68  5:42  Adept  
  68  5:47  Probe  
  69  6:00  Probe  
  69  6:04  Carrier (Chrono Boost)  
  70  6:11  Carrier (Chrono Boost)  
  77  6:54  Carrier (Chrono Boost)  
  77  6:56  Probe  
  77  6:59  Pylon, Stargate  
  77  7:00  Gateway  
  78  7:04  Gateway  
  84  7:42  Carrier (Chrono Boost)  
  84  7:48  Forge  
  84  7:49  Pylon  
  84  7:54  Gateway  
  90  8:01  Carrier (Chrono Boost)  
  96  8:25  Adept x2, Carrier (Chrono Boost)  
  100  8:30  Photon Cannon  
  100  8:31  Pylon  
  99  8:59  Zealot  
  99  9:00  Zealot x4  
  98  9:05  Cybernetics Core  
  95  9:32  Pylon  
  95  9:35  Pylon  
  95  9:50  Photon Cannon  
Tags
 
Add a new tag
Caveats
  • Supply blocks, unpowered buildings, or Contaminate may cause inaccurate times.
  • Supply counts are checked every 10 seconds.